 Dungeon Crawl Stone Soup version 0.29.1-12-g30fa7ad0bf (webtiles) character file.

Game seed: 5828459484620865912

28024 ValidDread the Severer (level 13, -56/116 HPs)
             Began as a Minotaur Fighter on Dec 28, 2022.
             Was the Champion of Okawaru.
             Annihilated by an enormous slime creature (64 damage)
             ... on level 13 of the Dungeon.
             The game lasted 00:35:19 (17043 turns).

ValidDread the Severer (Minotaur Fighter)          Turns: 17043, Time: 00:35:19

Health: -56/116    AC: 29    Str: 22    XL:     13   Next: 7%
Magic:  15/16      EV:  9    Int: 16    God:    Okawaru [******]
Gold:   973        SH: 19    Dex: 10    Spells: 12/12 levels left

rFire   + + .      SeeInvis .   X - +10 broad axe of the Seven Realms {spect, rF+ rC+ Str-4 Int+8}
rCold   + + .      Faith    .   p - +1 kite shield "Vuomnuq" {Int+3}
rNeg    . . .      Spirit   .   O - +2 chain mail {rC+}
rPois   +          Reflect  +   L - +2 hat of Gixec {rPois rC+}
rElec   .          Harm     .   G - +0 cloak
rCorr   .          Rampage  .   N - +2 pair of gloves
Will    .....                   f - +0 pair of boots
Stlth   ..........              a - amulet of reflection
HPRegen 0.29/turn               b - +4 ring of protection
MPRegen 0.15/turn               t - ring of fire

@: heroic
A: horns 2, retaliatory headbutt
a: Renounce Religion, Heroism, Finesse, Duel


You were on level 13 of the Dungeon.
You worshipped Okawaru.
Okawaru was exalted by your worship.
You visited 2 branches of the dungeon, and saw 14 of its levels.
You also visited: Ossuary.

You collected 973 gold pieces.

Inventory:

Hand Weapons
 n - a +0 war axe of electrocution
 w - a +1 mace of holy wrath
 U - a +0 broad axe of holy wrath
 X - the +10 broad axe of the Seven Realms (weapon) {spect, rF+ rC+ Str-4 Int+8}
   (Okawaru gifted it to you on level 12 of the Dungeon)

   When its wielder attacks, the weapon's spirit leaps out and strikes again.
   The spirit shares a part of any damage it takes with its wielder.
   Str:       It affects your strength (-4).
   Int:       It affects your intelligence (+8).
   rF:        It protects you from fire.
   rC:        It protects you from cold.
Missiles
 j - 2 javelins
 y - 34 poisoned darts (quivered)
 I - 2 throwing nets
 J - 7 curare-tipped darts
 R - 8 atropa-tipped darts
 S - 2 boomerangs
 Y - 3 boomerangs of dispersal
Armour
 c - a +0 plate armour
 f - a +0 pair of boots (worn)
 p - the +1 kite shield "Vuomnuq" (worn) {Int+3}
   (Okawaru gifted it to you on level 9 of the Dungeon)

   Int:       It affects your intelligence (+3).
 G - a +0 cloak (worn)
 L - the +2 hat of Gixec (worn) {rPois rC+}
   (You found it on level 8 of the Dungeon)

   rC:        It protects you from cold.
   rPois:     It protects you from poison.
 N - a +2 pair of gloves (worn)
 O - a +2 chain mail of cold resistance (worn)
Jewellery
 a - an amulet of reflection (around neck)
 b - a +4 ring of protection (left hand)
 t - a ring of fire (right hand)
 H - a ring of flight
 Q - a +6 ring of intelligence
 V - an amulet of the acrobat
Wands
 q - a wand of digging (4)
 D - a wand of mindburst (30)
 K - a wand of paralysis (15)
Scrolls
 g - 8 scrolls of fear
 k - 2 scrolls of vulnerability {unknown}
 l - 5 scrolls of amnesia {unknown}
 m - 2 scrolls of butterflies {unknown}
 u - 3 scrolls of enchant armour
 v - 2 scrolls of noise {unknown}
 x - 8 scrolls of teleportation
 B - 4 scrolls of immolation {unknown}
 C - 3 scrolls of blinking {unknown}
 E - 4 scrolls of poison {unknown}
 F - a scroll of magic mapping {unknown}
 M - 2 scrolls of acquirement {unknown}
 T - 3 scrolls of identify
Potions
 d - a potion of might
 e - 2 potions of lignification
 h - a potion of cancellation {unknown}
 i - 13 potions of curing
 o - 2 potions of ambrosia {unknown}
 r - 4 potions of brilliance
 s - 3 potions of mutation
 z - 7 potions of haste
 A - 5 potions of heal wounds
 P - a potion of resistance {unknown}
 W - a potion of flight {unknown}


   Skills:
 + Level 11.5(16.5) Fighting
 * Level 15.6(20.6) Axes
 + Level 6.3(11.3) Throwing
 + Level 11.6(16.6) Armour
 + Level 11.5(16.5) Shields
 + Level 6.3 Invocations


You had 12 spell levels left.
You didn't know any spells.
Your spell library contained the following spells:

 Spells                   Type           Power      Damage    Failure   Level
 Beastly Appendage        Tmut           0%         N/A       87%         1
 Magic Dart               Conj           0%         1d3       87%         1
 Slow                     Hex            0%         N/A       87%         1
 Ensorcelled Hibernation  Hex/Ice        0%         N/A       95%         2
 Passwall                 Tmut/Erth      0%         N/A       95%         2
 Scorch                   Fire           0%         2d5       95%         2
 Sublimation of Blood     Necr           0%         N/A       95%         2
 Wereblood                Tmut           0%         N/A       95%         2
 Mephitic Cloud           Conj/Pois/Air  0%         N/A       99%         3
 Portal Projectile        Hex/Tloc       0%         N/A       99%         3
 Spider Form              Tmut/Pois      0%         N/A       99%         3
 Swiftness                Air            0%         N/A       99%         3
 Flame Wave               Conj/Fire      0%         2d4       100%        4
 Leda's Liquefaction      Hex/Erth       0%         N/A       100%        4
 Petrify                  Tmut/Erth      0%         N/A       100%        4
 Blade Hands              Tmut           0%         N/A       100%        5
 Borgnjor's Vile Clutch   Necr/Erth      0%         N/A       100%        5
 Irradiate                Conj/Tmut      0%         3d11      100%        5
 Discord                  Hex            0%         N/A       100%        8
 Call Imp                 Summ           Unusable   N/A       N/A         2
 Tukima's Dance           Hex            Unusable   N/A       N/A         3
 Animate Dead             Necr           Unusable   N/A       N/A         4
 Death Channel            Necr           Unusable   N/A       N/A         6
 Summon Cactus Giant      Summ           Unusable   N/A       N/A         6

Dungeon Overview and Level Annotations

Branches:
Dungeon (13/15)            Temple (1/1) D:4            Lair (0/5) D:10
    Orc (0/2) D:9         Ossuary (visited)
 Vaults: D:13-14

Altars:
Ashenzari
Cheibriados
Dithmenos
Elyvilon
Fedhas
Gozag
Hepliaklqana
Kikubaaqudgha
Makhleb
Nemelex Xobeh
Okawaru
Qazlal
Ru
Sif Muna
Trog
Uskayaw
Vehumet
Wu Jian
Xom
Yredelemnul
Zin
The Shining One
Jiyva

Shops:
D:5 [(

Annotations:
D:3 1 runed translucent door, t4s4d4r's ghost, amateur DgFi
D:10 2 transporters


Innate Abilities, Weirdness & Mutations

You have a pair of horns on your head.
You reflexively headbutt those who attack you in melee.


Message History

Two slime creatures merge to form a very large slime creature.
You slash the very large slime creature!
The very large slime creature is lightly wounded.
A slime creature comes into view.
You slice the very large slime creature!!
The very large slime creature is lightly wounded.
The very large slime creature hits you but does no damage.
Two slime creatures merge to form an enormous slime creature.
You slice the enormous slime creature!!
The enormous slime creature is moderately wounded.
You gain the combat prowess of a mighty hero.
You slice the enormous slime creature!!
The enormous slime creature is moderately wounded.
You slice the enormous slime creature!!
The enormous slime creature is heavily wounded.
The enormous slime creature closely misses you.
You slash the enormous slime creature!
The enormous slime creature is heavily wounded.
The enormous slime creature hits you!!
You hit the enormous slime creature.
Your headbutt misses the enormous slime creature.
The enormous slime creature is heavily wounded.
You block the enormous slime creature's attack.
You slice the enormous slime creature!!
Your headbutt misses the enormous slime creature.
The enormous slime creature is severely wounded.
You slice the enormous slime creature!!
The enormous slime creature is severely wounded.
The enormous slime creature hits you!!!
You slice the enormous slime creature!!
You headbutt the enormous slime creature.
The enormous slime creature is almost dead.
The enormous slime creature hits you!!!
* * * LOW HITPOINT WARNING * * *
You barely miss the enormous slime creature.
Your headbutt misses the enormous slime creature.
The enormous slime creature is almost dead.
The enormous slime creature hits you!!!
Ouch! That really hurt!
You die...

###.### #.....#
#.# #.....#
######[### .....#
#........# ....#
#........# ...
#.##.....# #J#
..##.....## #@#
..........######.#
.................#
..#.......########
..###...###
..###...########
........#......#
######.##.####.#
#.##.# #.# ###


You could see an enormous slime creature.

Vanquished Creatures
  Azrael (D:13)
  Snorg (D:13)
  A fire dragon (D:12)
  2 hydras
  A boulder beetle (D:11)
  4 centaur warriors
  3 two-headed ogres
  Nergalle (D:11)
  4 ugly things
  A deep elf pyromancer (D:12)
  2 cyclopes (D:12)
  2 manticores (D:12)
  2 gargoyles
  2 unseen horrors
  2 yaktaurs (D:12)
  4 trolls
  2 hornets (D:10)
  A slime creature (D:12)
  2 vampires
  2 wraiths
  2 shadows
  2 basilisks (D:12)
  4 wyverns
  5 fire elementals (D:13)
  32 yaks
  Eustachio (D:4)
  4 acid dragons
  3 water moccasins
  3 hell hounds (D:13)
  4 orc warriors
  A black bear (D:4)
  An ice beast (D:5)
  2 wolves (D:10)
  5 centaurs
  3 ogres
  A phantom (D:5)
  3 bullfrogs
  2 elf zombies (Ossuary)
  5 kobold brigands
  10 gnoll sergeants
  4 scorpions
  4 wights (D:10)
  6 killer bees
  6 howler monkeys
  2 electric eels (D:10)
  5 hounds
  2 jellies
  2 human zombies (Ossuary)
  4 orc priests
  6 orc wizards
  4 mummies (Ossuary)
  Robin (D:2)
  32 gnolls
  6 adders
  2 shadow imps (D:7)
  6 white imps
  An ufetubus (D:5)
  An adder zombie (Ossuary)
  2 worms (D:4)
  A dart slug (D:2)
  25 orcs
  9 ball pythons
  3 endoplasms
  2 giant cockroaches
  2 gnoll zombies (Ossuary)
  15 goblins
  9 hobgoblins
  5 jackals
  27 kobolds
  3 quokkas
  2 bats
  2 frilled lizards
  A hobgoblin zombie (Ossuary)
  A jackal zombie (Ossuary)
  2 orc zombies (Ossuary)
  7 rats
  A rat zombie (Ossuary)
346 creatures vanquished.

Vanquished Creatures (others)
  A plant (D:6)
  3 withered plants (D:6)
4 creatures vanquished.

Grand Total: 350 creatures vanquished

Notes
Turn   | Place    | Note
-------+----------+-------------------------------------------
     0 | D:1      | ValidDread the Minotaur Fighter began the quest for the
                  | Orb.
     0 | D:1      | Reached XP level 1. HP: 19/19 MP: 0/0
   307 | D:1      | Reached XP level 2. HP: 27/27 MP: 1/1
   495 | D:2      | Reached skill level 3 in Axes
   725 | D:2      | Reached XP level 3. HP: 33/33 MP: 2/2
   785 | D:2      | Noticed Robin
   796 | D:2      | Killed Robin
  1044 | D:2      | Reached skill level 4 in Axes
  1193 | D:2      | Reached XP level 4. HP: 40/40 MP: 3/3
  1478 | D:2      | Found a glowing golden altar of the Shining One.
  1628 | D:3      | Found a faded altar of an unknown god.
  1844 | D:3      | Reached skill level 5 in Axes
  2076 | D:3      | Noticed t4s4d4r's ghost (amateur DgFi)
  2082 | D:3      | Found a runed translucent door.
  2097 | D:3      | Reached XP level 5. HP: 31/46 MP: 4/4
  3162 | D:4      | Noticed Eustachio
  3179 | D:4      | Killed Eustachio
  3180 | D:4      | Reached skill level 6 in Axes
  3180 | D:4      | Reached XP level 6. HP: 35/53 MP: 5/5
  3593 | D:4      | Reached skill level 5 in Fighting
  3593 | D:4      | Reached skill level 5 in Armour
  3780 | D:4      | Found a staircase to the Ecumenical Temple.
  3786 | Temple   | Entered the Ecumenical Temple
  3873 | Temple   | Became a worshipper of Warmaster Okawaru
  3990 | D:5      | Entered Level 5 of the Dungeon
  4131 | D:5      | Reached skill level 5 in Shields
  4195 | D:5      | Found Fyria's Antique Armour Shoppe.
  4196 | D:5      | Noticed an ice beast
  4200 | D:5      | Killed an ice beast
  4201 | D:5      | Reached XP level 7. HP: 61/61 MP: 6/6
  4256 | D:5      | Found Sadel's Weapon Emporium.
  4547 | D:5      | Reached * piety under Okawaru
  4548 | D:5      | Reached skill level 7 in Axes
  4871 | D:6      | Found a broken altar of Ashenzari.
  4936 | D:6      | Found a white marble altar of Elyvilon.
  4988 | D:6      | Found a blossoming altar of Fedhas.
  4988 | D:6      | Found an ancient bone altar of Kikubaaqudgha.
  5495 | D:6      | Reached skill level 8 in Axes
  5495 | D:6      | Reached XP level 8. HP: 44/70 MP: 7/7
  6509 | D:7      | Reached ** piety under Okawaru
  7005 | D:7      | Reached skill level 9 in Axes
  7018 | D:7      | Found a sparkling altar of Nemelex Xobeh.
  7802 | D:7      | Reached XP level 9. HP: 46/79 MP: 8/8
  7983 | D:7      | Found a basalt altar of Yredelemnul.
  7983 | D:7      | Found a stormy altar of Qazlal.
  8053 | D:7      | Found a glowing golden altar of the Shining One.
  8105 | D:8      | Found an opulent altar of Gozag.
  8109 | D:8      | Identified the +4 dagger of Cauck {vorpal, +Blink rC+
                  | Dex-2}
  8180 | D:8      | Identified the +2 hat of Gixec {rPois rC+}
  8216 | D:8      | Found a snail-covered altar of Cheibriados.
  8249 | D:8      | Reached skill level 10 in Axes
  8260 | D:8      | Reached *** piety under Okawaru
  8669 | D:8      | Reached skill level 11 in Axes
  8799 | D:8      | Found a sand-covered staircase.
  8819 | Ossuary  | Entered an ossuary
  8825 | Ossuary  | Reached **** piety under Okawaru
  9092 | D:8      | Found a shimmering blue altar of Sif Muna.
  9466 | D:9      | Reached XP level 10. HP: 54/90 MP: 9/9
  9995 | D:9      | Noticed a two-headed ogre
 10009 | D:9      | Killed a two-headed ogre
 10010 | D:9      | Reached skill level 1 in Throwing
 10010 | D:9      | Reached skill level 1 in Invocations
 10250 | D:9      | Found a sacrificial altar of Ru.
 10306 | D:9      | Found a staircase to the Orcish Mines.
 10309 | D:9      | Reached skill level 12 in Axes
 10326 | D:9      | Reached ***** piety under Okawaru
 10347 | D:9      | Identified the +1 kite shield "Vuomnuq" {Int+3} (Okawaru
                  | gifted it to you on level 9 of the Dungeon)
 10347 | D:9      | Received a gift from Okawaru
 10772 | D:10     | Entered Level 10 of the Dungeon
 10900 | D:10     | Reached XP level 11. HP: 55/97 MP: 8/12
 11077 | D:10     | Found a staircase to the Lair.
 11370 | D:10     | Reached skill level 13 in Axes
 11560 | D:10     | Found the +4 robe of Augmentation {Str+4 Int+4 Dex+4}
 11717 | D:10     | Found a viscous altar of Jiyva.
 11798 | D:10     | Got Isso's Writings on Hexing
 11883 | D:10     | Found a transporter.
 11885 | D:10     | Found a transporter.
 12126 | D:11     | Noticed Nergalle
 12141 | D:11     | Killed Nergalle
 12416 | D:11     | Noticed a boulder beetle
 12428 | D:11     | Killed a boulder beetle
 12429 | D:11     | Reached skill level 10 in Armour
 12952 | D:11     | Noticed a four-headed hydra
 12967 | D:11     | Killed a four-headed hydra
 12967 | D:11     | Received a gift from Okawaru
 12968 | D:11     | Reached skill level 10 in Fighting
 12968 | D:11     | Reached skill level 10 in Shields
 13774 | D:12     | Reached skill level 14 in Axes
 13924 | D:12     | Noticed a four-headed hydra
 13997 | D:12     | Killed a five-headed hydra
 13998 | D:12     | Reached XP level 12. HP: 65/107 MP: 11/14
 14007 | D:12     | Received a gift from Okawaru
 14257 | D:12     | Reached ****** piety under Okawaru
 14273 | D:12     | Noticed a centaur warrior
 14281 | D:12     | Killed a centaur warrior
 14282 | D:12     | Reached skill level 5 in Throwing
 14282 | D:12     | Reached skill level 5 in Invocations
 14763 | D:12     | Noticed a fire dragon
 14980 | D:12     | Noticed a two-headed ogre
 14989 | D:12     | Killed a two-headed ogre
 14989 | D:12     | Identified the +10 broad axe of the Seven Realms {spect,
                  | rF+ rC+ Str-4 Int+8} (Okawaru gifted it to you on level 12
                  | of the Dungeon)
 14989 | D:12     | Received a gift from Okawaru
 14990 | D:12     | Reached skill level 15 in Axes
 15231 | D:12     | Found a shimmering altar of Xom.
 15610 | D:12     | Killed a fire dragon
 15855 | D:13     | Noticed a centaur warrior
 15863 | D:13     | Killed a centaur warrior
 15970 | D:13     | Noticed a two-headed ogre
 15974 | D:13     | Killed a two-headed ogre
 16126 | D:13     | Noticed Snorg
 16142 | D:13     | Killed Snorg
 16711 | D:13     | Noticed a centaur warrior
 16715 | D:13     | Killed a centaur warrior
 16804 | D:13     | Noticed a centaur warrior
 16812 | D:13     | Noticed Azrael
 16838 | D:13     | Killed Azrael
 16838 | D:13     | Received a gift from Okawaru
 16839 | D:13     | Reached XP level 13. HP: 68/116 MP: 16/16
 17043 | D:13     | Annihilated by an enormous slime creature

Illustrated notes

Levels and vault maps discovered:
D:1:      tarquinn_simple_flora_water_f, layout_rooms
D:2:      minmay_general_purpose_star, layout_basic, basic_altar, uniq_robin
D:3:      layout_loops_corners, hellmonk_ghost_happy_afterlife,
          hellmonk_ecumenical_altar_pennies_from_heaven
D:4:      layout_basic, minmay_temple_entry_gardened_gates,
          nrook_mini_backslash, kennysheep_generic_room_6, uniq_eustachio
D:5:      layout_loops_cross, serial_shops, shop, nicolae_stop_n_shop_1
D:6:      layout_basic, grunt_temple_overflow_growth_and_decay,
          mainiacjoe_overflow_catch_the_wave
D:7:      minmay_skewed_foursquare, layout_loops_corners,
          nemelex_xobeh_ov_fountains_minmay, gammafunk_temple_overflow_wave,
          mainiacjoe_overflow_alcove_2, enter_bailey_6
D:8:      layout_basic, lemuel_coloured_pillars_altar, grunt_gozag_statues,
          mainiacjoe_overflow_concentric_impassable,
          nicolae_ossuary_entry_monument
D:9:      layout_rooms, nicolae_overflow_crystal_walls,
          kennysheep_orc_monster_closet_entryway
D:10:     gammafunk_jiyva_shrine, layout_long_grid, erik_lair_island,
          patterned_corridor
D:11:     layout_stronghold, uniq_nergalle
D:12:     minmay_the_grid_3x2 [minmay_the_grid_plusring, minmay_the_grid_expand,
          minmay_the_grid_box_x, minmay_the_grid_holed_spiral,
          minmay_the_grid_aliased_spiral, minmay_the_grid_prize_four_corners],
          layout_basic, grunt_ministairs_7, wad_floor_pattern_1,
          xom_teletrap_fun
D:13:     layout_loops_corners, uniq_snorg, uniq_azrael
Temple:   zaba_magenta_temple

Skill      XL: |  1  2  3  4  5  6  7  8  9 10 11 12 |
---------------+-------------------------------------+-----
Fighting       | 4 5 7 8 9 10 11 | 11.5
Axes           | 3 4 5 6 8 9 11 12 14 15 | 15.6
Shields        | 4 5 7 8 9 10 11 | 11.5
Armour         | 4 5 6 7 8 9 10 11 | 11.6
Throwing       | 2 4 6 |  6.3
Invocations    | 2 4 6 |  6.3

Action                   |  1- 3 |  4- 6 |  7- 9 | 10-12 | 13-15 || total
-------------------------+-------+-------+-------+-------+-------++-------
Melee: War axe           |    53 |   108 |   262 |   459 |       ||   882
       Headbutt          |     3 |    16 |    38 |   100 |     3 ||   160
       Mace              |       |       |       |    19 |       ||    19
       Broad axe         |       |       |       |    77 |    17 ||    94
Throw: Dart              |       |       |     7 |    14 |       ||    21
Invok: Heroism           |       |       |       |     5 |     1 ||     6
       Finesse           |       |       |       |     1 |       ||     1
  Use: Scroll            |       |       |     9 |     1 |       ||    10
Armor: Scale mail        |    31 |    52 |       |       |       ||    83
       Chain mail        |       |     1 |   144 |   305 |     1 ||   451
Dodge: Dodged            |    32 |    58 |    97 |   116 |     1 ||   304
Block: Buckler           |    13 |    23 |    87 |    68 |       ||   191
       Reflection        |       |       |     1 |    14 |       ||    15
       Kite shield       |       |       |       |   331 |    10 ||   341
